 Dungeon Crawl Stone Soup version 0.30-a0-711-gf4ac18a38d (webtiles) character file.

Game seed: 8075497533001731677

480 zinnoa the Magician (level 7, -2/45 HPs)
             Began as a Djinni Necromancer on Jan 23, 2023.
             Slain by an ice beast (9 damage)
             ... on level 4 of the Dungeon.
             The game lasted 00:14:40 (3090 turns).

zinnoa the Magician (Djinni Necromancer)            Turns: 3090, Time: 00:14:41

Health: -2/45      AC:  3    Str:  7    XL:     7   Next: 34%
Gold:   197        EV: 12    Int: 18    God:
                   SH:  0    Dex: 14

rFire   + + .      SeeInvis .    r - +5 hand axe
rCold   x . .      Faith    .    (no shield)
rNeg    . . .      Spirit   .    a - +0 robe
rPois   ∞          Reflect  .    o - +0 helmet
rElec   .          Harm     .    (no cloak)
rCorr   .          Rampage  .    (no gloves)
Will    +....                    (boots unavailable)
Stlth   ++                       (no amulet)
HPRegen 0.27/turn                s - ring of willpower
MPRegen 0.00/turn                (no ring)

@: flying
A: sickness immunity, fire resistance 2, cold vulnerability 1, float, innate
caster, HP casting, extra vitality 1
a: no special abilities


You were on level 4 of the Dungeon.
You visited 1 branch of the dungeon, and saw 4 of its levels.

You collected 197 gold pieces.

Inventory:

Hand Weapons
 r - a +5 hand axe (weapon)
Armour
 a - a +0 robe (worn)
 o - a +0 helmet (worn)
Jewellery
 s - a ring of willpower (left hand)
Wands
 v - a wand of iceblast (4)
Scrolls
 c - 3 scrolls of teleportation {unknown}
 d - a scroll of torment {unknown}
 e - a scroll of immolation {unknown}
 i - a scroll of fear {unknown}
 k - a scroll of silence {unknown}
 m - 5 scrolls of identify {unknown}
 p - 3 scrolls of magic mapping {unknown}
 t - a scroll of vulnerability {unknown}
 u - a scroll of poison {unknown}
Potions
 b - a potion of magic
 f - a potion of resistance {unknown}
 g - a potion of lignification {unknown}
 h - 3 potions of heal wounds {unknown}
 j - 2 potions of haste {unknown}
 l - a potion of brilliance {unknown}
 n - 2 potions of curing {unknown}
 q - 2 potions of flight {unknown}


   Skills:
 + Level 2.6 Dodging
 + Level 2.2 Stealth
 + Level 6.2 Spellcasting


You couldn't memorise any spells.
You knew the following spells:

 Your Spells              Type           Power      Damage    Failure   Level
a - Necrotise             Necr           100%       1d9       1%          1
b - Vampiric Draining     Necr           27%        2d7       2%          3
c - Animate Dead          Necr           27%        N/A       9%          4
d - Agony                 Necr           27%        N/A       26%         5
e - Beastly Appendage     Tmut           54%        N/A       1%          1
f - Momentum Strike       Conj/Tloc      54%        3d9       1%          2
g - Passwall              Tmut/Erth      22%        N/A       1%          2
Your spell library was empty.

Dungeon Overview and Level Annotations

Branches:
Dungeon (4/15)
 Temple: D:4-7

Altars:

Shops:
D:2 *


Innate Abilities, Weirdness & Mutations

You are immune to sickness and miasma.
You are immune to poison.
Your flesh is very heat resistant. (rF++)
You are vulnerable to cold. (rC-)
You float through the air rather than walking.
You learn spells naturally, not from books.
Your magical power is your life essence.
You have superior vitality. (+4 MHP)


Message History

Your hobgoblin skeleton hits the kobold.
The kobold dies!
You swap places.
Things that are here:
a +0 whip; 4 stones You swap places.
The ice beast closely misses you.
Your black bear zombie closely misses the ice beast.
Your black bear zombie claws the ice beast but does no damage.
Your black bear zombie closely misses the ice beast.
The orc hits you with a +0 short sword.
You hit the orc.
The orc is moderately wounded.
You hit the ice beast.
The ice beast hits you but does no damage.
The orc misses you.
Your hobgoblin skeleton closely misses the ice beast.
Your black bear zombie barely misses the ice beast. x2
Your black bear zombie claws the ice beast but does no damage.
You hit the orc.
The orc is moderately wounded.
You hit the ice beast but do no damage. The orc hits you but does no damage.
The ice beast misses you.
Your black bear zombie bites the ice beast.
Your black bear zombie barely misses the ice beast.
Your black bear zombie claws the ice beast.
Your hobgoblin skeleton closely misses the ice beast.
You barely miss the orc.
The orc is moderately wounded.
You hit the ice beast but do no damage. The ice beast misses you.
The orc barely misses you.
Your hobgoblin skeleton barely misses the ice beast.
Your black bear zombie barely misses the ice beast.
Your black bear zombie completely misses the ice beast. x2
The orc hits you but does no damage. The ice beast hits you.
The ice beast freezes you!!
You feel a terrible chill!
* * * LOW HITPOINT WARNING * * *
The ice beast attacks as you move away! The ice beast hits you.
* * * LOW HITPOINT WARNING * * *
The ice beast freezes you!
You feel a terrible chill!
You die...

####'#######...........##...#
...Z......<.........#########
....................#
....................#
....)...............#####
###.†.....#.............#
#.......#.###.....$...+
#.......# ##.)......#
#.......#. #@ZZ.....#
#......... #.oY..##....#
#..............##..#....#
###.............#.##.#....#
................ # .#....#
...#######...... .# ...#
...'.....+...... .#
...#.....#.....# ..<#.....#


You could see an ice beast (ally target), an orc, a friendly black bear zombie
and a friendly hobgoblin skeleton.

Vanquished Creatures
  Sigmund (D:2)
  A black bear (D:4)
  A hound (D:4)
  Jessica (D:2)
  An iguana (D:4)
  An adder (D:3)
  An ufetubus (D:4)
  2 worms
  2 dart slugs
  5 orcs
  4 ball pythons
  5 bats
  An endoplasm (D:4)
  3 giant cockroaches
  5 goblins
  6 hobgoblins
  3 quokkas
  A frilled lizard (D:1)
  7 kobolds
  5 rats
56 creatures vanquished.

Vanquished Creatures (collateral kills)
  A bullfrog (D:4)
  An adder (D:4)
  A kobold (D:4)
  A bat (D:1)
  A frilled lizard (D:1)
5 creatures vanquished.

Vanquished Creatures (others)
  2 orc zombies (D:3)
2 creatures vanquished.

Grand Total: 63 creatures vanquished

Notes
Turn   | Place    | Note
-------+----------+-------------------------------------------
     0 | D:1      | zinnoa the Djinni Necromancer began the quest for the Orb.
     0 | D:1      | zinnoa set off with the following spells memorised:
                  | Necrotise, Vampiric Draining, Animate Dead, Agony.
     0 | D:1      | Reached XP level 1. HP: 15/15 MP: 0/0
   344 | D:1      | Reached XP level 2. HP: 12/21 MP: 0/0
   474 | D:1      | Found a faded altar of an unknown god.
  1029 | D:1      | Reached XP level 3. HP: 24/25 MP: 0/0
  1029 | D:1      | Learned a level 1 spell: Beastly Appendage
  1223 | D:2      | Noticed Sigmund
  1232 | D:2      | Killed Sigmund
  1233 | D:2      | Reached skill level 4 in Spellcasting
  1233 | D:2      | Reached XP level 4. HP: 21/31 MP: 0/0
  1233 | D:2      | Reached XP level 5. HP: 24/35 MP: 0/0
  1233 | D:2      | Learned a level 2 spell: Momentum Strike
  1335 | D:2      | Reached skill level 5 in Spellcasting
  1416 | D:2      | Noticed Jessica
  1423 | D:2      | Killed Jessica
  1424 | D:2      | Reached XP level 6. HP: 36/40 MP: 0/0
  1538 | D:2      | Found Houmurai's Assorted Antiques.
  2742 | D:4      | Noticed a black bear
  2751 | D:4      | Killed a black bear
  2930 | D:4      | Reached skill level 6 in Spellcasting
  2930 | D:4      | Reached XP level 7. HP: 45/45 MP: 0/0
  2930 | D:4      | Learned a level 2 spell: Passwall
  3090 | D:4      | Slain by an ice beast

Illustrated notes

Levels and vault maps discovered:
D:1:      dpeg_arrival_rhombus, layout_loops_corners, basic_ecumenical_altar
D:2:      layout_basic, serial_shops, shop, grunt_ministairs_4, uniq_jessica,
          uniq_sigmund
D:3:      layout_basic, minmay_distorted
D:4:      layout_gridville, serial_shops, kennysheep_mini_moat, minmay_bisected,
          uniq_grinder

Skill      XL: |  1  2  3  4  5  6 |
---------------+-------------------+-----
Stealth        | 2 |  2.2
Spellcasting   | 4 5 6 |  6.2
Dodging        | |  2.6

Action                     |  1- 3 |  4- 6 |  7- 9 || total
---------------------------+-------+-------+-------++-------
  Melee: Unarmed           |     1 |       |       ||     1
         Hand axe          |       |       |     4 ||     4
   Cast: Necrotise         |    35 |    39 |     8 ||    82
         Vampiric Draining |     3 |    19 |     3 ||    25
         Animate Dead      |       |     5 |       ||     5
         Momentum Strike   |       |     1 |       ||     1
 Armour: Robe              |     2 |     7 |     4 ||    13
  Dodge: Dodged            |     6 |    30 |     6 ||    42

Table legend: (Time is in decaauts)
 A = Elapsed time spent in this place.
 B = Non-inter-level travel time spent in this place.
 C = Inter-level travel time spent in this place.
 D = Time resting spent in this place.
 E = Time spent auto-exploring this place.
 F = Levels seen in this place.
 G = Mean time per level.
                   A        B        C        D        E       F      G
               +--------+--------+--------+--------+--------+-----+--------+
         Total |   3089 |   2947 |    142 |    312 |   2135 |   4 |  772.2 |
       Dungeon |   3089 |   2947 |    142 |    312 |   2135 |   4 |  772.2 |
               +--------+--------+--------+--------+--------+-----+--------+

Top non-repeatable levels by time:
     D:1: 1060 daAuts
     D:2: 898 daAuts
     D:3: 755 daAuts
     D:4: 375 daAuts
